 Dungeon Crawl Stone Soup version 0.31.0-11-ge490571c62 (webtiles) character file.

Game seed: 7753990365332697768

627 qw the Shooter (level 7, -1/34 (35) HPs)
             Began as a Spriggan Hunter on Feb 4, 2024.
             Was a Follower of Okawaru.
             Slain by a wight
             ... wielding a +1 flail of protection
              (12 damage)
             ... on level 5 of the Dungeon.
             The game lasted 00:00:58 (3293 turns).

qw the Shooter (Spriggan Hunter)                    Turns: 3293, Time: 00:00:58

HP:   -1/34 (35)    AC:  2    Str:  7    XL:     7   Next: 23%
MP:   8/8           EV: 22    Int: 10    God:    Okawaru [*.....]
Gold: 6             SH:  0    Dex: 21    Spells: 6/6 levels left

rFire   + . .        b - +0 arbalest
rCold   . . .        (shield currently unavailable)
rNeg    . . .        c - +0 robe
rPois   .            (helmet restricted)
rElec   .            (no cloak)
rCorr   .            (gloves unavailable)
SInv    +            (boots unavailable)
Will    +....        (no amulet)
Stlth   ++           e - ring of protection from fire
HPRegen 0.25/turn    (no ring)
MPRegen 0.11/turn

%: no passive effects
@: lightly drained, very quick
A: very small, no large weapons, unfitting armour, see invisible, speed 3
a: Renounce Religion, Heroism


You were on level 5 of the Dungeon.
You worshipped Okawaru.
Okawaru was aware of your devotion.
You visited 2 branches of the dungeon, and saw 6 of its levels.

You collected 291 gold pieces.
You spent 285 gold pieces at shops.


Innate Abilities, Weirdness & Mutations

You are very small and have problems with some larger weapons.
You are too small for most types of armour.
You have supernaturally acute eyesight. (SInv)
You cover ground extremely quickly. (Speed+++)


   Skills:
 - Level 2.1 Fighting
 - Level 7.3 Ranged Weapons
 + Level 6.3 Dodging
 - Level 1.5 Stealth
 + Level 1.0 Invocations


You had 6 spell levels left.
You didn't know any spells.
Your spell library was empty.

Inventory:

Hand Weapons
 b - a +0 arbalest (weapon)
Armour
 c - a +0 robe (worn)
Jewellery
 e - a ring of protection from fire (left hand)
 k - an amulet of guardian spirit
Wands
 o - a wand of flame (10)
Scrolls
 l - 2 scrolls of identify
 m - a scroll of torment {unknown}
Potions
 a - 2 potions of haste {unknown}
 d - 2 potions of curing
 f - a potion of heal wounds
 g - a potion of enlightenment
 h - a potion of brilliance {unknown}
 i - 2 potions of lignification {unknown}
 j - 2 potions of attraction {unknown}
 n - a potion of mutation {unknown}

Dungeon Overview and Level Annotations

Branches:
Dungeon (5/15)             Temple (1/1) D:4

Altars:
Ashenzari
Dithmenos
Elyvilon
Gozag
Kikubaaqudgha
Makhleb
Nemelex Xobeh
Okawaru
Qazlal
Ru
Sif Muna
Trog
Uskayaw
Vehumet
Wu Jian
Yredelemnul
Zin
The Shining One

Shops:
D:4 *   D:5 *

Portals:
Abyss: D:5

Annotations:
D:5 2 transporters, qw's ghost, novice SpHu


Message History

A wight is wielding a +1 flail of protection.
Enter note:
Enter note:
Enter note:
Enter note:
3282 ||| RETREEEEATING.
You shoot a bolt. The bolt completely misses the wight.
You shoot a bolt. The bolt hits the wight!
You destroy the wight!
Okawaru accepts your kill.
Your Invocations skill increases to level 1!
Things that are here:
a +4 great sword; a +0 robe You shoot a bolt.
The bolt barely misses the wight.
The wight hits you with a +1 flail of protection!
You shoot a bolt. The bolt barely misses the wight.
The wight hits you with a +1 flail of protection!
The wight barely misses you.
You shoot a bolt. The bolt closely misses the wight.
The wight misses you.
You shoot a bolt. The bolt hits the wight.
The wight is moderately damaged.
The wight hits you with a +1 flail of protection!
You shoot a bolt.
The bolt hits the wight but does no damage.
The wight completely misses you.
You shoot a bolt. The bolt hits the wight!
The wight is almost destroyed.
The wight hits you with a +4 mace.
You feel drained. The wight closely misses you. x2
You shoot a bolt.
The bolt hits the wight but does no damage.
The wight is almost destroyed.
The wight closely misses you. The wight completely misses you.
You shoot a bolt. The bolt hits the wight!
You destroy the wight!
Okawaru accepts your kill. The wight barely misses you.
The wight hits you with a +1 flail of protection!
You die...

####.....# #......# ...#.....#
#.... ##......# ##'#.....# #....
........+ .........# #....
#......# .......### #.... ##.##.#
:......###.+.... ###...#.####
...####....#.... ##...\......#
##.# #..####...)###..#...#....#
...# #.## #...z@...###.##....#
######.#####.......####.......###
###...>....+.......+...).........
..#.########.......#######....###
..<.....# #.......# #......#
........# #.......# ### ##.....#
........####.......# ... #.....#
.................... .... #.....#
.................... .....#.....#


You could see a wight.

Vanquished Creatures
  Grinder (D:4)
  An ogre (D:4)
  A scorpion (D:4)
  2 wights (D:5)
  A bombardier beetle (D:4)
  An orc priest (D:3)
  Jessica (D:2)
  6 adders
  4 dart slugs
  A ribbon worm (D:3)
  5 orcs
  5 ball pythons
  2 endoplasms
  A giant cockroach (D:3)
  5 goblins
  2 hobgoblins
  9 jackals
  4 quokkas
  8 bats
  3 frilled lizards
  A kobold (D:1)
  5 rats
69 creatures vanquished.

Notes
Turn   | Place    | Note
-------+----------+-------------------------------------------
     0 | D:1      | qw the Spriggan Hunter began the quest for the Orb.
     0 | D:1      | Reached XP level 1. HP: 10/10 MP: 2/2
     0 | D:1      | 0 ||| qw: Version: 0.3-a-160-g6735b56
     0 | D:1      | 0 ||| qw: Game counter: 5942
     0 | D:1      | 0 ||| qw: Melee chars always use a shield: true
     0 | D:1      | 0 ||| qw: God list: Okawaru
     0 | D:1      | 0 ||| qw: Allow faded altars: false
     0 | D:1      | 0 ||| qw: Do Orc after clearing Dungeon:15 true
     0 | D:1      | 0 ||| qw: Do second Lair branch before Depths: true
     0 | D:1      | 0 ||| qw: Lair rune preference: random
     0 | D:1      | 0 ||| qw: Goals: Normal
     0 | D:1      | 0 ||| PLANNING D:1-11
    47 | D:1      | Reached skill level 3 in Dodging
   112 | D:1      | Reached XP level 2. HP: 14/14 MP: 3/3
   534 | D:1      | 534 ||| UPGRADING to ring of protection from fire.
   535 | D:1      | 535 ||| READING scroll labelled PIQIVUEGRI.
   542 | D:1      | 542 ||| READING scroll labelled PUICSI XATUFOY.
   543 | D:1      | 543 ||| DROPPING scroll of butterflies.
   580 | D:2      | Noticed Jessica
   582 | D:2      | 582 ||| FLEEEEING.
   585 | D:2      | 585 ||| FLEEEEING.
   589 | D:2      | Killed Jessica
   590 | D:2      | Reached XP level 3. HP: 18/18 MP: 4/4
   915 | D:2      | Found a faded altar of an unknown god.
   926 | D:2      | Reached skill level 5 in Ranged Weapons
  1211 | D:2      | 1211 ||| READING scroll labelled HEIJIO CEVEIPU.
  1212 | D:2      | 1212 ||| READING scroll labelled QISULIFINIK.
  1212 | D:2      | 1212 ||| IDENTIFYING sapphire potion
  1336 | D:3      | HP: 2/18 [orc priest/nerve-wracking pain (13)]
  1338 | D:3      | Reached XP level 4. HP: 3/22 MP: 5/5
  1347 | D:3      | 1347 ||| FLEEEEING.
  1348 | D:3      | 1348 ||| FLEEEEING.
  1349 | D:3      | 1349 ||| FLEEEEING.
  1351 | D:3      | 1351 ||| FLEEEEING.
  1352 | D:3      | 1352 ||| FLEEEEING.
  1353 | D:3      | 1353 ||| FLEEEEING.
  1355 | D:3      | 1355 ||| FLEEEEING.
  1356 | D:3      | 1356 ||| FLEEEEING.
  1357 | D:3      | 1357 ||| FLEEEEING.
  1358 | D:3      | 1358 ||| FLEEEEING.
  1359 | D:3      | 1359 ||| FLEEEEING.
  1360 | D:3      | 1360 ||| FLEEEEING.
  1361 | D:3      | 1361 ||| FLEEEEING.
  1362 | D:3      | 1362 ||| FLEEEEING.
  1363 | D:3      | 1363 ||| FLEEEEING.
  1364 | D:3      | 1364 ||| FLEEEEING.
  1365 | D:3      | 1365 ||| FLEEEEING.
  1366 | D:3      | 1366 ||| FLEEEEING.
  1368 | D:3      | 1368 ||| FLEEEEING.
  1369 | D:3      | 1369 ||| FLEEEEING.
  1371 | D:3      | 1371 ||| FLEEEEING.
  1372 | D:3      | 1372 ||| FLEEEEING.
  1378 | D:3      | 1378 ||| FLEEEEING.
  1379 | D:3      | 1379 ||| FLEEEEING.
  1380 | D:3      | 1380 ||| FLEEEEING.
  1381 | D:3      | 1381 ||| FLEEEEING.
  1382 | D:3      | 1382 ||| FLEEEEING.
  1385 | D:3      | 1385 ||| FLEEEEING.
  1386 | D:3      | 1386 ||| STAIRDANCE
  1486 | D:3      | 1486 ||| FLEEEEING.
  1596 | D:3      | Found a broken altar of Ashenzari.
  1596 | D:3      | Found a glowing silver altar of Zin.
  1597 | D:3      | Found a shadowy altar of Dithmenos.
  1600 | D:3      | Found a shimmering blue altar of Sif Muna.
  1601 | D:3      | Found a radiant altar of Vehumet.
  1783 | D:3      | Reached XP level 5. HP: 26/26 MP: 6/6
  1994 | D:3      | 1994 ||| READING 2 scrolls of identify.
  1994 | D:3      | 1994 ||| IDENTIFYING puce potion
  1995 | D:3      | 1995 ||| READING scroll of identify.
  1995 | D:3      | 1995 ||| IDENTIFYING 2 emerald potions
  2141 | D:4      | Found a staircase to the Ecumenical Temple.
  2142 | D:4      | 2142 ||| PLANNING TEMPLE
  2150 | Temple   | Entered the Ecumenical Temple
  2151 | Temple   | 2151 ||| PLANNING OKAWARU WORSHIP
  2158 | Temple   | Became a worshipper of Warmaster Okawaru
  2159 | Temple   | 2159 ||| PLANNING D:1-11
  2221 | D:4      | Found Nuxzuf's Assorted Antiques.
  2236 | D:4      | 2236 ||| BUYING arbalest (130 gold).
  2236 | D:4      | Bought an arbalest for 130 gold pieces
  2236 | D:4      | 2236 ||| BUYING blue potion (26 gold).
  2236 | D:4      | Bought a blue potion for 26 gold pieces
  2236 | D:4      | 2236 ||| SHOPLISTING brass wand (116 gold, have 91).
  2236 | D:4      | 2236 ||| BUYING lumpy clear potion (26 gold).
  2236 | D:4      | Bought a lumpy clear potion for 26 gold pieces
  2236 | D:4      | 2236 ||| BUYING red potion (26 gold).
  2236 | D:4      | Bought a red potion for 26 gold pieces
  2236 | D:4      | 2236 ||| SHOPLISTING scroll of identify (58 gold, have 39).
  2236 | D:4      | 2236 ||| SWAPPING to +0 arbalest.
  2237 | D:4      | 2237 ||| DROPPING +0 shortbow.
  2265 | D:4      | Identified the +10 spear of the Vulture {heavy, rElec}
  2445 | D:4      | Reached skill level 6 in Ranged Weapons
  2540 | D:4      | Noticed an ogre
  2544 | D:4      | Killed an ogre
  2545 | D:4      | Reached skill level 6 in Dodging
  2545 | D:4      | Reached XP level 6. HP: 30/30 MP: 7/7
  2572 | D:4      | HP: 5/30 [adder (3)]
  2573 | D:4      | 2573 ||| READING scroll of teleportation.
  2574 | D:4      | 2574 ||| DRINKING 2 potions of heal wounds.
  2644 | D:4      | Noticed Grinder
  2654 | D:4      | Paralysed by Grinder for 3 turns
  2660 | D:4      | 2660 ||| FLEEEEING.
  2661 | D:4      | 2661 ||| FLEEEEING.
  2680 | D:4      | Killed Grinder
  2680 | D:4      | Reached * piety under Okawaru
  2681 | D:4      | Reached skill level 7 in Ranged Weapons
  2681 | D:4      | Reached XP level 7. HP: 9/35 MP: 8/8
  2922 | D:4      | 2922 ||| READING scroll labelled TEBBOE APUDOAL.
  3023 | D:4      | 3023 ||| READING scroll labelled SYNEXE FESOZO.
  3025 | D:4      | 3025 ||| Stepping ~*~*~tactically~*~*~ (cloud).
  3112 | D:5      | Entered Level 5 of the Dungeon
  3174 | D:5      | Found a transporter.
  3197 | D:5      | Found a transporter.
  3223 | D:5      | Found a one-way gate to the infinite horrors of the Abyss.
  3223 | D:5      | Noticed qw's ghost (novice SpHu)
  3264 | D:5      | Found Onimurim's Gadget Gallery.
  3273 | D:5      | 3273 ||| BUYING wand of flame (10) (77 gold).
  3273 | D:5      | Bought a wand of flame (10) for 77 gold pieces
  3273 | D:5      | 3273 ||| SHOPLISTING wand of polymorph (2) (30 gold, have
                  | 6).
  3273 | D:5      | 3273 ||| SHOPLISTING wand of roots (5) (132 gold, have 6).
  3282 | D:5      | 3282 ||| RETREEEEATING.
  3285 | D:5      | Reached skill level 1 in Invocations
  3293 | D:5      | Slain by a wight

Levels and vault maps discovered:
D:1:      minmay_arrival_split_and_join, layout_rooms
D:2:      layout_loops_cross, basic_ecumenical_altar, uniq_jessica
D:3:      layout_loops_ring, minitemple, dreamdust_princess_corridor
D:4:      layout_loops_cross, minmay_temple_entry_butterflies, serial_shops,
          nicolae_shop_hallway_plus, solitary_fountain,
          kennysheep_generic_room_8, uniq_grinder
D:5:      layout_basic, gammafunk_ghost_abyssal_escape, nicolae_shop_gadgets
Temple:   nicolae_temple_bog_church

Skill      XL: |  1  2  3  4  5  6  7 |
---------------+----------------------+-----
Dodging        | 3 4 5 6 |  6.3
Ranged Weapons | 5 6 7 |  7.3
Fighting       | 2 |  2.1
Invocations    | 1 |  1.0
Stealth        | |  1.5

Action                     |  1- 3 |  4- 6 |  7- 9 || total
---------------------------+-------+-------+-------++-------
   Fire: Shortbow          |   108 |    54 |       ||   162
         Arbalest          |       |    52 |    22 ||    74
    Use: Scroll            |     4 |     3 |     2 ||     9
         Potion            |       |     1 |       ||     1
 Armour: Robe              |    10 |    22 |     8 ||    40
  Dodge: Dodged            |    28 |    48 |    19 ||    95

Table legend:
 A = Non-vault XP
 B = Vault XP
 C = Vault XP percentage of total XP
 D = Non-vault monster count
 E = Vault monster count
 F = Vault count percentage of total count
                 A         B        C        D         E       F
            +---------+---------+-------+---------+---------+-------
      Total |     635 |     336 |  34.6 |      66 |       3 |   4.3
            +---------+---------+-------+---------+---------+-------
        D:1 |      37 |       0 |   0.0 |      20 |       0 |   0.0
        D:2 |      11 |      37 |  77.1 |       8 |       1 |  11.1
        D:3 |     121 |       0 |   0.0 |      20 |       0 |   0.0
        D:4 |     312 |     299 |  48.9 |      12 |       2 |  14.3
        D:5 |     154 |       0 |   0.0 |       6 |       0 |   0.0
            +---------+---------+-------+---------+---------+-------
